PCL
SALT LAKE BEES @ MEMPHIS REDBIRDS
05/27/2098
 
TOP OF THE 1ST
Salt Lake Bees batting - Pitching for Memphis Redbirds : RHP Adam Alred
Pitching: RHP Adam Alred
Batting: RHB Bobby Williams 0-0: Fly out, F9 (Flyball, 9, EV 85.6 MPH)
Batting: LHB Jim Matthews 0-0: SINGLE (Groundball, 4MD, EV 108.1 MPH)
Batting: LHB Roger Adkins 0-0: Called Strike
0-1: Swinging Strike
0-2: Grounds into double play, 4-6-3 (Groundball, 4, EV 89.4 MPH)
Top of the 1st over - 0 runs, 1 hit, 0 errors, 0 left on base; Salt Lake 0 - Memphis 0
BOTTOM OF THE 1ST
Memphis Redbirds batting - Pitching for Salt Lake Bees : RHP Vic Correa
Pitching: RHP Vic Correa
Batting: RHB Luis Saez 0-0: Swinging Strike
0-1: Swinging Strike
0-2: Strikes out swinging
Batting: LHB Jeremiah Ford 0-0: Foul Ball, location: 2F
0-1: Ball
1-1: Called Strike
1-2: Ball
2-2: DOUBLE (Line Drive, 89D, EV 109.4 MPH)
Batting: LHB Jonathan Steben 0-0: Ball
1-0: Ball
2-0: Ball
3-0: Called Strike
3-1: Base on Balls
Batting: LHB Willie Martinez 0-0: Called Strike
0-1: Called Strike
0-2: Ball
1-2: Foul Ball, location: 7LSF
1-2: Ball
2-2: Strikes out swinging
Batting: LHB Edwin Longoria 0-0: TRIPLE (Line Drive, 78XD, EV 106.3 MPH)
Jeremiah Ford scores
Jonathan Steben scores
Batting: SHB Butch Ticknor 0-0: Ball
1-0: Called Strike
1-1: Swinging Strike
1-2: 2-RUN HOME RUN (Line Drive, 89XD, EV 110.0 MPH), Distance : 401 ft
Batting: RHB Jason Flores 0-0: Foul Ball, location: 2F
0-1: Fly out, F8 (Line Drive, 8RS, EV 88.1 MPH)
Bottom of the 1st over - 4 runs, 3 hits, 0 errors, 0 left on base; Salt Lake 0 - Memphis 4
TOP OF THE 2ND
Salt Lake Bees batting - Pitching for Memphis Redbirds : RHP Adam Alred
Batting: RHB Roberto Lozano 0-0: Swinging Strike
0-1: Swinging Strike
0-2: Foul Ball, location: 2F
0-2: Strikes out swinging
Batting: RHB Jon Fuentes 0-0: Ball
1-0: Called Strike
1-1: Ball
2-1: Ball
3-1: Base on Balls
Batting: LHB Ricky Sisneros 0-0: Ball
1-0: Fielders Choice at 2nd, 4-6 (Groundball, 4S, EV 88.1 MPH)
Batting: SHB Bobby Boatright 0-0: Swinging Strike
0-1: Ball
1-1: Ball
2-1: Swinging Strike
2-2: Foul Ball, location: 2F
2-2: Fielders Choice at 2nd, 5-4 (Groundball, 5L, EV 103.8 MPH)
Top of the 2nd over - 0 runs, 0 hits, 0 errors, 1 left on base; Salt Lake 0 - Memphis 4
BOTTOM OF THE 2ND
Memphis Redbirds batting - Pitching for Salt Lake Bees : RHP Vic Correa
Batting: LHB David Cessor 0-0: Ball
1-0: SINGLE (Line Drive, 8RS, EV 89.4 MPH)
Batting: RHB Izzy Mina 0-0: Called Strike
0-1: Ball
1-1: Foul Ball, location: 5F
1-2: Ball
2-2: Strikes out swinging
Batting: RHB Luis Saez 0-0: Called Strike
0-1: Ball
1-1: Foul Ball, location: 23F
1-2: Ball
2-2: Strikes out looking
Batting: LHB Jeremiah Ford 0-0: Foul Ball, location: 2F
0-1: Ball
1-1: Foul Ball, location: 5F
1-2: Ball
2-2: Foul Ball, location: 2F
2-2: Ball
Wild Pitch!
David Cessor to second
3-2: Foul Ball, location: 2F
3-2: SINGLE (Flyball, 34D, EV 86.3 MPH)
David Cessor to third
Runner from 3rd tries for Home, SAFE, throw by RF to home
Batting: LHB Jonathan Steben 0-0: Ball
1-0: Swinging Strike
1-1: Foul Ball, location: 2F
1-2: Ball
2-2: Ball
3-2: Base on Balls
Jeremiah Ford to second
Batting: LHB Willie Martinez 0-0: Called Strike
0-1: Foul Ball, location: 9LDF
0-2: Fly out, F4 (Popup, 34, EV 56.3 MPH)
Bottom of the 2nd over - 1 run, 2 hits, 0 errors, 2 left on base; Salt Lake 0 - Memphis 5
TOP OF THE 3RD
Salt Lake Bees batting - Pitching for Memphis Redbirds : RHP Adam Alred
Batting: LHB Ryan Mascolino 0-0: Ground out 2-3 (Groundball, 2L, EV 68.1 MPH)
Batting: RHB Adam Scott 0-0: Called Strike
0-1: Called Strike
0-2: Ball
1-2: Ball
2-2: Ball
3-2: Foul Ball, location: 25FF
3-2: Base on Balls
Batting: RHB Bobby Williams 0-0: Called Strike
0-1: Ball
1-1: Swinging Strike
1-2: Ball
2-2: Strikes out swinging
Batting: LHB Jim Matthews 0-0: Ball
1-0: Foul Ball, location: 2F
1-1: Ball
2-1: Ball
3-1: 2-RUN HOME RUN (Flyball, 89XD, EV 99.4 MPH), Distance : 398 ft
Batting: LHB Roger Adkins 0-0: Called Strike
0-1: Ball
1-1: Foul Ball, location: 9LSF
1-2: Ball
2-2: Foul Ball, location: 2F
2-2: Ball
3-2: Foul Ball, location: 7LSF
3-2: Ground out 6-3 (Groundball, 4M, EV 84.4 MPH)
Top of the 3rd over - 2 runs, 1 hit, 0 errors, 0 left on base; Salt Lake 2 - Memphis 5
BOTTOM OF THE 3RD
Memphis Redbirds batting - Pitching for Salt Lake Bees : RHP Vic Correa
Batting: LHB Edwin Longoria 0-0: Ground out 5-3 (Groundball, 5, EV 90.0 MPH)
Batting: SHB Butch Ticknor 0-0: SINGLE (Line Drive, 4D, EV 95.6 MPH)
Batting: RHB Jason Flores Pickoff Throw to First - Out! 1-3
0-0: Called Strike
0-1: Ball
1-1: Foul Ball, location: 25FF
1-2: Ground out 4-3 (Groundball, 4, EV 88.1 MPH)
Bottom of the 3rd over - 0 runs, 1 hit, 0 errors, 0 left on base; Salt Lake 2 - Memphis 5
TOP OF THE 4TH
Salt Lake Bees batting - Pitching for Memphis Redbirds : RHP Adam Alred
Batting: RHB Roberto Lozano 0-0: Ground out 4-3 (Groundball, 4, EV 77.5 MPH)
Batting: RHB Jon Fuentes 0-0: Called Strike
0-1: Called Strike
0-2: Ground out 6-3 (Groundball, 6, EV 104.4 MPH)
Batting: LHB Ricky Sisneros 0-0: Ball
1-0: Ball
2-0: Swinging Strike
2-1: Ball
3-1: Base on Balls
Batting: SHB Bobby Boatright 0-0: Ball
Ricky Sisneros is caught stealing 2nd base 2-6
Top of the 4th over - 0 runs, 0 hits, 0 errors, 0 left on base; Salt Lake 2 - Memphis 5
BOTTOM OF THE 4TH
Memphis Redbirds batting - Pitching for Salt Lake Bees : RHP Vic Correa
Batting: LHB David Cessor 0-0: Called Strike
0-1: Called Strike
0-2: Foul Ball, location: 9LSFF
0-2: Strikes out swinging
Batting: RHB Izzy Mina 0-0: Ball
1-0: Called Strike
1-1: Ball
2-1: Ground out 4-3 (Groundball, 4, EV 110.0 MPH)
Batting: RHB Luis Saez 0-0: Foul Ball, location: 7LSFF
0-1: Ground out 5-3 (Groundball, 56, EV 80.6 MPH)
Bottom of the 4th over - 0 runs, 0 hits, 0 errors, 0 left on base; Salt Lake 2 - Memphis 5
TOP OF THE 5TH
Salt Lake Bees batting - Pitching for Memphis Redbirds : RHP Adam Alred
Batting: SHB Bobby Boatright 0-0: Ball
1-0: Ball
2-0: Foul Ball, location: 23F
2-1: Ball
3-1: Fly out, F8 (Flyball, 8RM, EV 97.5 MPH)
Batting: LHB Ryan Mascolino 0-0: Ball
1-0: Called Strike
1-1: Fly out, F8 (Flyball, 8LM, EV 89.4 MPH)
Batting: RHB Adam Scott 0-0: Swinging Strike
0-1: SINGLE (Groundball, 4MD, EV 107.5 MPH)
Batting: RHB Bobby Williams 0-0: Called Strike
0-1: Ball
1-1: Swinging Strike
1-2: Ball
2-2: Fielders Choice at 2nd, 5-4 (Groundball, 5L, EV 105.6 MPH)
Top of the 5th over - 0 runs, 1 hit, 0 errors, 1 left on base; Salt Lake 2 - Memphis 5
BOTTOM OF THE 5TH
Memphis Redbirds batting - Pitching for Salt Lake Bees : RHP Vic Correa
Batting: LHB Jeremiah Ford 0-0: Ball
1-0: Foul Ball, location: 5FF
1-1: Called Strike
1-2: Ball
2-2: Ball
3-2: SINGLE (Line Drive, 8LS, EV 102.5 MPH)
Batting: LHB Jonathan Steben 0-0: Called Strike
0-1: Fly out, F6 (Line Drive, 6, EV 66.3 MPH)
Batting: LHB Willie Martinez 0-0: Ball
1-0: Ball
2-0: Swinging Strike
2-1: Ball
3-1: Called Strike
3-2: Foul Ball, location: 2F
3-2: SINGLE (Groundball, 4MD, EV 105.0 MPH)
Jeremiah Ford to second
Batting: LHB Edwin Longoria 0-0: Foul Ball, location: 7LMF
0-1: Ball
1-1: Swinging Strike
1-2: Strikes out swinging
Batting: SHB Butch Ticknor 0-0: SINGLE (Flyball, 4D, EV 93.8 MPH)
Jeremiah Ford to third
Willie Martinez to second
Runner from 3rd tries for Home, SAFE, throw by CF to home
Batting: RHB Jason Flores 0-0: Fielders Choice at 2nd, 6-4 (Groundball, 6, EV 105.6 MPH)
Bottom of the 5th over - 1 run, 3 hits, 0 errors, 2 left on base; Salt Lake 2 - Memphis 6
TOP OF THE 6TH
Salt Lake Bees batting - Pitching for Memphis Redbirds : RHP Adam Alred
Batting: LHB Jim Matthews 0-0: Ball
1-0: Called Strike
1-1: Ball
2-1: Fly out, F9 (Flyball, 9, EV 80.0 MPH)
Batting: LHB Roger Adkins 0-0: Fly out, F9 (Flyball, 9D, EV 106.3 MPH)
Batting: RHB Roberto Lozano 0-0: Swinging Strike
0-1: Foul Ball, location: 2F
0-2: Ball
1-2: Ball
2-2: Fly out, F6 (Popup, 6MS, EV 74.4 MPH)
Top of the 6th over - 0 runs, 0 hits, 0 errors, 0 left on base; Salt Lake 2 - Memphis 6
BOTTOM OF THE 6TH
Memphis Redbirds batting - Pitching for Salt Lake Bees : RHP Vic Correa
Pitching: RHP Zack Lawler
Batting: LHB David Cessor 0-0: Fly out, F9 (Flyball, 89S, EV 85.6 MPH)
Batting: RHB Izzy Mina 0-0: Ground out 4-3 (Groundball, 4, EV 87.5 MPH)
Batting: RHB Luis Saez 0-0: Ball
1-0: Called Strike
1-1: Called Strike
1-2: Foul Ball, location: 2F
1-2: Ball
2-2: Foul Ball, location: 2F
2-2: Ball
3-2: Ground out 1-3 (Groundball, 13, EV 75.6 MPH)
Bottom of the 6th over - 0 runs, 0 hits, 0 errors, 0 left on base; Salt Lake 2 - Memphis 6
TOP OF THE 7TH
Salt Lake Bees batting - Pitching for Memphis Redbirds : RHP Adam Alred
Batting: RHB Jon Fuentes 0-0: Ball
1-0: Fly out, F7 (Flyball, 78M, EV 88.1 MPH)
Batting: LHB Ricky Sisneros 0-0: Foul Ball, location: 9LMF
0-1: Ball
1-1: Ball
2-1: Foul Ball, location: 2F
2-2: Ball
3-2: Foul Ball, location: 2F
3-2: Ground out 4-3 (Groundball, 4, EV 83.1 MPH)
Batting: SHB Bobby Boatright 0-0: Ball
1-0: Ball
2-0: Ball
3-0: Called Strike
3-1: Ground out U3 (Groundball, 34, EV 90.0 MPH)
Top of the 7th over - 0 runs, 0 hits, 0 errors, 0 left on base; Salt Lake 2 - Memphis 6
BOTTOM OF THE 7TH
Memphis Redbirds batting - Pitching for Salt Lake Bees : RHP Zack Lawler
Batting: LHB Jeremiah Ford 0-0: Swinging Strike
0-1: SINGLE (Groundball, 4M, EV 104.4 MPH) (infield hit)
Batting: LHB Jonathan Steben 0-0: Called Strike
0-1: Foul Ball, location: 25F
0-2: Strikes out swinging
Batting: LHB Willie Martinez 0-0: Ball
1-0: Ball
2-0: SINGLE (Line Drive, 7S, EV 98.8 MPH)
Jeremiah Ford to second
Batting: LHB Edwin Longoria 0-0: Fielders Choice at 2nd, 4-6 (Groundball, 4, EV 81.3 MPH)
Jeremiah Ford to third
Batting: SHB Butch Ticknor 0-0: Swinging Strike
0-1: Ball
1-1: Foul Ball, location: 3FF
1-2: Fly out, F4 (Line Drive, 4M, EV 63.1 MPH)
Bottom of the 7th over - 0 runs, 2 hits, 0 errors, 2 left on base; Salt Lake 2 - Memphis 6
TOP OF THE 8TH
Salt Lake Bees batting - Pitching for Memphis Redbirds : RHP Adam Alred
Batting: LHB Ryan Mascolino 0-0: Called Strike
0-1: Ball
1-1: Ground out 4-3 (Groundball, 4, EV 76.3 MPH)
Batting: RHB Adam Scott 0-0: Called Strike
0-1: Foul Ball, location: 9LMF
0-2: Strikes out swinging
Batting: RHB Bobby Williams 0-0: Ball
1-0: Ball
2-0: Foul Ball, location: 5F
2-1: DOUBLE (Line Drive, 7LM, EV 108.1 MPH)
Batting: LHB Jim Matthews 0-0: Called Strike
0-1: Fly out, F8 (Line Drive, 8RM, EV 88.8 MPH)
Top of the 8th over - 0 runs, 1 hit, 0 errors, 1 left on base; Salt Lake 2 - Memphis 6
BOTTOM OF THE 8TH
Memphis Redbirds batting - Pitching for Salt Lake Bees : RHP Zack Lawler
Batting: RHB Jason Flores 0-0: Called Strike
0-1: Called Strike
0-2: Strikes out looking
Batting: LHB David Cessor 0-0: DOUBLE (Flyball, 78XD, EV 109.4 MPH)
Batting: RHB Izzy Mina 0-0: Foul Ball, location: 9LDF
0-1: Ball
1-1: Ball
2-1: SINGLE (Groundball, 56S, EV 70.6 MPH) (infield hit)
David Cessor to third
Batting: RHB Luis Saez 0-0: Foul Ball, location: 2F
0-1: Ball
1-1: SINGLE (Groundball, 34D, EV 94.4 MPH)
David Cessor scores
Izzy Mina to second
Runner from 2nd tries for 3rd, SAFE, no throw by RF
Batting: LHB Jeremiah Ford 0-0: Ball
1-0: Ball
2-0: Ball
3-0: Base on Balls
Luis Saez to second
Batting: LHB Jonathan Steben 0-0: Foul Ball, location: 2F
0-1: Swinging Strike
0-2: Ball
1-2: Ball
2-2: Foul Ball, location: 3F
2-2: Foul Ball, location: 23F
2-2: Strikes out swinging
Batting: LHB Willie Martinez 0-0: Foul Ball, location: 3DF
0-1: Ball
1-1: Swinging Strike
1-2: Ball
2-2: Foul Ball, location: 7LMF
2-2: SINGLE (Groundball, 6, EV 89.4 MPH) (infield hit)
Izzy Mina scores
Luis Saez to third
Jeremiah Ford to second
Batting: LHB Edwin Longoria 0-0: Ball
1-0: SINGLE (Line Drive, 7S, EV 106.9 MPH)
Luis Saez scores
Jeremiah Ford to third
Willie Martinez to second
Runner from 3rd tries for Home, SAFE, throw by LF to home
Batting: SHB Butch Ticknor 0-0: Called Strike
0-1: Called Strike
0-2: SINGLE (Groundball, 34D, EV 101.9 MPH)
Willie Martinez to third
Edwin Longoria to second
Runner from 3rd tries for Home, SAFE, throw by RF to home
Batting: RHB Jason Flores 0-0: Called Strike
0-1: Foul Ball, location: 9LSF
0-2: Ball
1-2: Strikes out swinging
Bottom of the 8th over - 5 runs, 6 hits, 0 errors, 2 left on base; Salt Lake 2 - Memphis 11
TOP OF THE 9TH
Salt Lake Bees batting - Pitching for Memphis Redbirds : RHP Adam Alred
Batting: LHB Roger Adkins 0-0: Ball
1-0: Foul Ball, location: 2F
1-1: Called Strike
1-2: SINGLE (Groundball, 4MD, EV 104.4 MPH)
Batting: RHB Roberto Lozano 0-0: Swinging Strike
0-1: Ball
1-1: Ball
2-1: Grounds into double play, 6-4-3 (Groundball, 6, EV 93.1 MPH)
Batting: RHB Jon Fuentes 0-0: Ball
1-0: Ball
2-0: Fly out, F5 (Popup, 25F, EV 86.3 MPH)
Top of the 9th over - 0 runs, 1 hit, 0 errors, 0 left on base; Salt Lake 2 - Memphis 11
Thursday, April 4th , 2024 - OOTP Baseball 24.11 Build 85